 Dungeon Crawl Stone Soup version 0.27-a0-1185-ga233589e6f (webtiles) character file.

Game seed: 13214626513666828853

111 Auzas the Shield-Bearer (level 4, -1/42 HPs)
             Began as a Deep Dwarf Fighter on May 19, 2021.
             Slain by Sigmund
             ... wielding a +0 scythe
              (6 damage)
             ... on level 4 of the Dungeon.
             The game lasted 00:05:32 (1831 turns).

Auzas the Shield-Bearer (Deep Dwarf Fighter)        Turns: 1831, Time: 00:05:32

Health: -1/42      AC:  7    Str: 19 (20) XL:     4   Next: 62%
Magic:  0/3        EV:  7    Int:  8 (11) God:
Gold:   132        SH:  9    Dex: 10 (12) Spells: 3/3 levels left

rFire    . . .     SeeInvis .   a - +0 war axe
rCold    . . .     Faith    .   c - +0 kite shield
rNeg     . . .     Spirit   +   b - +0 scale mail
rPois    .         Reflect  .   (no helmet)
rElec    .         Harm     .   (no cloak)
rCorr    .         Rampage  .   (no gloves)
Will     .....                  (no boots)
Stlth    ..........             e - amulet of guardian spirit
HPRegen  0.00/turn              (no ring)
MPRegen  0.08/turn              (no ring)

@: no status effects
A: damage resistance, heal wounds, sense surroundings 1, no regeneration, clever
1
a: Heal Wounds


You were on level 4 of the Dungeon.
You visited 1 branch of the dungeon, and saw 4 of its levels.

You collected 132 gold pieces.

Inventory:

Hand Weapons
 a - a +0 war axe (weapon)
Armour
 b - a +0 scale mail (worn)
 c - a +0 kite shield (worn)
Jewellery
 e - an amulet of guardian spirit (around neck)
 o - an amulet of the acrobat
Scrolls
 d - a scroll of teleportation {unknown}
 f - a scroll of amnesia {unknown}
 g - a scroll of blinking {unknown}
 i - a scroll of magic mapping {unknown}
 k - 3 scrolls of enchant armour {unknown}
 l - a scroll of silence {unknown}
 n - 2 scrolls of identify {unknown}
Potions
 h - a potion of cancellation {unknown}
 j - 3 potions of curing
 m - a potion of lignification {unknown}


   Skills:
 + Level 3.0 Fighting
 + Level 3.3 Axes
 + Level 4.2 Armour
 + Level 0.6 Dodging
 + Level 0.3 Stealth
 + Level 4.2 Shields


You had 3 spell levels left.
You didn't know any spells.
Your spell library contained the following spells:

 Spells                   Type           Power      Damage    Failure   Level
 Animate Skeleton         Necr           0%         N/A       99%         1
 Apportation              Tloc           0%         N/A       99%         1
 Corona                   Hex            0%         N/A       99%         1
 Foxfire                  Conj/Fire      0%         2x1d4     99%         1
 Summon Small Mammal      Summ           0%         N/A       99%         1
 Conjure Flame            Conj/Fire      0%         6-21      100%        3
 Inner Flame              Hex/Fire       0%         N/A       100%        3
 Sticky Flame             Conj/Fire      0%         2d3       100%        4
 Fireball                 Conj/Fire      0%         3d3       100%        5
 Summon Forest            Summ/Tloc      0%         N/A       100%        5
 Summon Mana Viper        Hex/Summ       0%         N/A       100%        5
 Shadow Creatures         Summ           N/A        N/A       100%        6
 Summon Hydra             Summ           0%         N/A       100%        7


Dungeon Overview and Level Annotations

Branches:
Dungeon (4/15)
 Temple: D:4-7

Altars:

Annotations:
D:4 Sigmund


Innate Abilities, Weirdness & Mutations

You are resistant to damage.
You can heal yourself by infusing magical energy.
You passively map a small area around you.
You do not regenerate.
Your mind is acute. (Int +2)


Message History

m - a metallic brown potion Sigmund the Dreaded comes into view.
He is wielding a +0 scythe.
Sigmund shouts!
Found a stone staircase leading down.
Sigmund is nearby!
Sigmund hits you from afar with a +0 scythe!
Sigmund asks, "Do you like me?" Sigmund barely misses you.
Found a metallic brown potion.
Unknown command.
You closely miss Sigmund. Sigmund casts a spell at you.
You resist with some effort. Sigmund casts a spell at you.
The magic dart hits you.
You barely miss Sigmund. Sigmund hits you with a +0 scythe.
Sigmund barely misses you.
You are too injured to fight recklessly!
You are too injured to fight recklessly!
You are too injured to fight recklessly!
You are too injured to fight recklessly!
Sigmund's eyes start glowing with a red light.
Sigmund hits you with a +0 scythe!
* * * LOW HITPOINT WARNING * * *
You fail to use your ability.
Sigmund points at you and mumbles some strange words.
You resist with some effort.
You fail to use your ability.
Sigmund hits you with a +0 scythe.
Okay, then.
You closely miss Sigmund. You block Sigmund's attack.
You closely miss Sigmund. You block Sigmund's attack.
Sigmund closely misses you.
Your shield prevents you from hitting Sigmund.
Sigmund barely misses you.
You slash Sigmund!
Sigmund is moderately wounded.
Sigmund hits you with a +0 scythe!
* * * LOW HITPOINT WARNING * * *
Sigmund hits you with a +0 scythe!
You die...

* ....#####...# #.# ,
...........<# #.#.#* *
....####....# #.#.# .
*#####....###.#.# , ,
..###...#.##.#...#.#
,>................#.####
.#.##.$.#.##.#.#......#
* #.###.....#.#.#..#...#
, *
#....@@.......#.......
#.............##.#...#
#.............##.....#
#.............###....#
#....###.#....# #....# *
#.... * .##.#.###.####
,!.... ,..............
##.###* #..#.###.###. *
, * * * #.# #.


You could see Sigmund.

Vanquished Creatures
  An orc priest (D:3)
  A hound skeleton (D:4)
  A howler monkey skeleton (D:3)
  An adder zombie (D:3)
  3 adder skeletons (D:3)
  A worm (D:3)
  A dart slug (D:1)
  2 orcs (D:3)
  2 ball pythons (D:2)
  An endoplasm (D:2)
  2 giant cockroaches (D:2)
  A goblin (D:1)
  9 jackals (D:2)
  A quokka (D:3)
  2 ball python zombies (D:3)
  2 bats
  4 frilled lizards
  4 kobolds
  3 rats (D:2)
42 creatures vanquished.

Vanquished Creatures (others)
  A withered plant (D:3)
1 creature vanquished.

Grand Total: 43 creatures vanquished

Notes
Turn   | Place    | Note
-------+----------+-------------------------------------------
     0 | D:1      | Auzas the Deep Dwarf Fighter began the quest for the Orb.
     0 | D:1      | Reached XP level 1. HP: 20/20 MP: 1/1
    35 | D:1      | You fall into a shaft and drop 1 floor!
    58 | D:2      | Reached XP level 2. HP: 20/27 MP: 2/2
   646 | D:2      | Reached XP level 3. HP: 33/34 MP: 2/2
  1221 | D:3      | Reached XP level 4. HP: 7/42 MP: 0/3
  1489 | D:3      | Gained mutation: You are partially covered in iridescent
                  | scales. (AC +2) [potion of mutation]
  1489 | D:3      | Lost mutation: You are partially covered in iridescent
                  | scales. (AC +2) [potion of mutation]
  1489 | D:3      | Gained mutation: Your mind is acute. (Int +2) [potion of
                  | mutation]
  1818 | D:4      | Noticed Sigmund
  1831 | D:4      | Slain by Sigmund

Illustrated notes

Levels and vault maps discovered:
D:1:      ncdulo_smallfort, layout_basic
D:2:      layout_basic, dk_noncrumbling_2, minmay_tetromino_l2
D:3:      layout_rooms, serial_undead, serial_undead_b, serial_undead_b,
          serial_undead_a, serial_undead_d, serial_undead_d, serial_undead_e
D:4:      layout_basic, uniq_sigmund, uniq_eustachio

Skill      XL: |  1  2  3  4 |
---------------+-------------+-----
Fighting       | 3 |  3.0
Shields        | 4 |  4.2
Axes           | 3 |  3.3
Armour         | 4 |  4.2
Dodging        | |  0.6
Stealth        | |  0.3

Action                   |  1- 3 |  4- 6 || total
-------------------------+-------+-------++-------
Melee: War axe           |   110 |    11 ||   121
 Abil: Heal Wounds       |     1 |       ||     1
  Use: Potion            |       |     6 ||     6
Armor: Scale mail        |    59 |     2 ||    61
Dodge: Dodged            |    47 |     7 ||    54
Block: Kite shield       |    65 |     7 ||    72

Table legend: (Time is in decaauts)
 A = Elapsed time spent in this place.
 B = Non-inter-level travel time spent in this place.
 C = Inter-level travel time spent in this place.
 D = Time resting spent in this place.
 E = Time spent auto-exploring this place.
 F = Levels seen in this place.
 G = Mean time per level.
                   A        B        C        D        E       F      G
               +--------+--------+--------+--------+--------+-----+--------+
         Total |   1902 |   1700 |    202 |    200 |   1158 |   4 |  475.5 |
       Dungeon |   1902 |   1700 |    202 |    200 |   1158 |   4 |  475.5 |
               +--------+--------+--------+--------+--------+-----+--------+

Top non-repeatable levels by time:
     D:2: 1006 daAuts
     D:3: 729 daAuts
     D:4: 127 daAuts
     D:1: 38 daAuts
